 Dungeon Crawl Stone Soup version 0.30.1-4-g462c640d31 (webtiles) character file.

Game seed: 13158573629362642424

28643 hilljack the Convoker (level 13, -7/91 HPs)
             Began as a Human Summoner on Aug 13, 2023.
             Was a High Priest of Vehumet.
             Mangled by a molten gargoyle
             ... wielding a +0 mace
              (17 damage)
             ... in a volcano.
             The game lasted 00:57:44 (20373 turns).

hilljack the Convoker (Human Summoner)             Turns: 20373, Time: 00:57:44

Health: -7/91      AC: 10    Str: 12    XL:     13   Next: 75%
Magic:  15/26      EV: 18    Int: 21    God:    Vehumet [*****.]
Gold:   960        SH:  0    Dex: 14    Spells: 7/30 levels left

rFire   + . .        b - +10 hand axe of Resourcefulness {holy, rPois rCorr}
rCold   + . .        (no shield)
rNeg    . . .        i - +1 troll leather armour
rPois   +            q - +0 helmet "Enutewk" {Regen+ Int+4}
rElec   +            x - scarf {repulsion}
rCorr   +            H - +0 pair of gloves
SInv    .            N - +1 pair of boots
Will    .....        (no amulet)
Stlth   +++          S - +4 ring of slaying
HPRegen 1.95/turn    f - +5 ring of evasion
MPRegen 0.20/turn

%: repel missiles
@: resistant
A: no striking features
a: Renounce Religion


You were in a volcano.
You worshipped Vehumet.
Vehumet was extremely pleased with you.
You visited 3 branches of the dungeon, and saw 15 of its levels.
You also visited: Sewer, Bailey and Volcano.

You collected 960 gold pieces.

Inventory:

Hand Weapons
 a - a +8 quick blade of venom
 b - the +10 hand axe of Resourcefulness (weapon) {holy, rPois rCorr}
   (You found it on level 7 of the Dungeon)

   rPois:     It protects you from poison.
   rCorr:     It protects you from acid and corrosion.
 D - the +5 short sword of Dividends {speed, rElec rC- Will+ Dex+4}
   (You found it on level 3 of the Dungeon)

   Dex:       It affects your dexterity (+4).
   rC:        It makes you vulnerable to cold.
   rElec:     It insulates you from electricity.
   Will:      It increases your willpower.
 O - a +2 hand axe of flaming
Missiles
 j - 18 poisoned darts
 r - a throwing net
Armour
 i - a +1 troll leather armour (worn)
 q - the +0 helmet "Enutewk" (worn) {Regen+ Int+4}
   (You acquired it on level 8 of the Dungeon)

   Int:       It affects your intelligence (+4).
   Regen:     It increases your rate of health regeneration.
 x - a scarf of repulsion (worn)
 y - +0 ice dragon scales
 H - a +0 pair of gloves (worn)
 M - +0 swamp dragon scales
 N - a +1 pair of boots (worn)
 V - a +2 hat of willpower
Jewellery
 f - a +5 ring of evasion (right hand)
 k - a ring of resist corrosion
 n - a ring of fire
 t - a ring of willpower
 w - a ring of willpower
 R - a ring of protection from fire
 S - a +4 ring of slaying (left hand)
Wands
 p - a wand of charming (18)
 C - a wand of mindburst (8)
 U - a wand of flame (2)
Scrolls
 g - 6 scrolls of teleportation
 h - 3 scrolls of blinking
 F - a scroll of fear
 G - a scroll of magic mapping
 I - 2 scrolls of immolation
 L - a scroll of butterflies
 P - a scroll of enchant weapon
 T - 2 scrolls of identify
Potions
 c - 5 potions of haste
 d - 2 potions of magic
 e - 3 potions of lignification
 l - 5 potions of curing
 m - a potion of resistance
 o - 2 potions of berserk rage
 s - 2 potions of ambrosia
 z - a potion of attraction
 A - 6 potions of brilliance
 B - 2 potions of flight
 E - 3 potions of might
 J - 2 potions of mutation
 K - a potion of cancellation
Miscellaneous
 u - a condenser vane
 Q - a phial of floods


   Skills:
 - Level 5.0 Fighting
 - Level 4.0 Short Blades
 - Level 4.0 Axes
 - Level 5.0 Armour
 - Level 5.0 Dodging
 - Level 5.0 Stealth
 - Level 9.0 Spellcasting
 - Level 5.0 Hexes
 + Level 15.8 Summonings
 - Level 5.0 Air Magic


You had 7 spell levels left.
You knew the following spells:

 Your Spells              Type           Power      Damage    Failure   Level
a - Summon Lightning Spi  Summ/Air       52%        N/A       1%          4
b - Call Imp              Summ           100%       N/A       1%          2
c - Call Canine Familiar  Summ           66%        N/A       1%          3
d - Summon Guardian Gole  Hex/Summ       52%        N/A       1%          3
e - Summon Hydra          Summ           33%        N/A       12%         7
f - Airstrike             Air            15%        2d(3-19)  3%          4

Your spell library contained the following spells:

 Spells                   Type           Power      Damage    Failure   Level
 Iskenderun's Battlesphe  Conj           9%         2d6       50%         5
 Summon Small Mammal      Summ           100%       N/A       0%          1
 Inner Flame              Hex/Fire       19%        N/A       2%          3
 Tukima's Dance           Hex            30%        N/A       3%          3
 Ignite Poison            Fire/Tmut/Pois 9%         N/A       7%          3
 Apportation              Tloc           18%        N/A       9%          1
 Beastly Appendage        Tmut           18%        N/A       9%          1
 Necrotise                Necr           36%        1d5       9%          1
 Portal Projectile        Hex/Tloc       38%        N/A       10%         3
 Lesser Beckoning         Tloc           18%        N/A       14%         2
 Sublimation of Blood     Necr           9%         N/A       14%         2
 Wereblood                Tmut           9%         N/A       14%         2
 Sticky Flame             Conj/Fire      9%         2d3       22%         4
 Yara's Violent Unravell  Hex/Tmut       9%         3d6       22%         5
 Gell's Gravitas          Tloc           9%         N/A       26%         3
 Spider Form              Tmut/Pois      9%         N/A       26%         3
 Teleport Other           Tloc           9%         N/A       26%         3
 Leda's Liquefaction      Hex/Erth       9%         N/A       32%         4
 Petrify                  Tmut/Erth      9%         N/A       65%         4
 Metabolic Englaciation   Hex/Ice        9%         N/A       65%         5
 Blade Hands              Tmut           4%         N/A       94%         5
 Statue Form              Tmut/Erth      6%         N/A       100%        6
 Enfeeble                 Hex            15%        N/A       100%        7
 Ignition                 Fire           4%         3d4       100%        8


Dungeon Overview and Level Annotations

Branches:
Dungeon (10/15)            Temple (1/1) D:5            Lair (4/5) D:8
  Swamp (0/4) Lair:2        Snake (0/4) Lair:2          Orc (0/2) D:9
  Sewer (visited)          Bailey (visited)         Volcano (1/1)
  Slime: Lair:4-5

Altars:
Ashenzari
Cheibriados
Dithmenos
Elyvilon
Fedhas
Gozag
Hepliaklqana
Kikubaaqudgha
Makhleb
Nemelex Xobeh
Okawaru
Qazlal
Ru
Sif Muna
Trog
Uskayaw
Vehumet
Wu Jian
Xom
Yredelemnul
Zin
The Shining One

Shops:
D:3 [


Message History

The efreet burns you.
Your warg bites the efreet.
The efreet closely misses your warg. The efreet gestures at you.
The bolt of fire hits the efreet.
The efreet completely resists.
The bolt of fire hits your warg!!
Your warg dies!
Your warg's corpse disappears in a puff of smoke!
The bolt of fire hits you!!
* * * LOW HITPOINT WARNING * * *
A molten gargoyle comes into view. It is wielding a +0 mace.
You feel much better.
Your lightning spire shoots out a bolt of lightning at the efreet!
The bolt of electricity hits the efreet!
The efreet dies!
Vehumet accepts your kill.
Casting: Call Canine Familiar (safe; 1% risk of failure)
Confirm with . or Enter, or press ? or * to list all spells.
A tiny devil pulls itself out of the air.
The efreet gestures at you.
The fireball explodes!
The fireball engulfs your lightning spire.
Your lightning spire resists.
The fireball engulfs the efreet.
The efreet completely resists.
The fireball engulfs you!!
* * * LOW HITPOINT WARNING * * *
The efreet hits your lightning spire but does no damage.
You feel better.
Your cerulean imp hits the efreet but does no damage.
The efreet hits your lightning spire with a +3 scimitar of flaming.
Your lightning spire shoots out a bolt of lightning at the efreet!
The bolt of electricity hits the efreet.
The molten gargoyle blasts magma at you!
The bolt of magma hits you!
* * * LOW HITPOINT WARNING * * *
The bolt of magma hits your cerulean imp!!!
Your cerulean imp dies!
Your cerulean imp disappears in a puff of smoke!
You feel protected.
The molten gargoyle hits you with a +0 mace!
You die...

#≈≈.☼###
##≈§≈.☼☼#
#≈§≈≈≈..
#≈≈§≈○. #≈≈..
##+ ##'###
##...#..R.#
#........8###
...∩...∩9@..#
#.........###
#≈§§≈≈≈§≈§#
##§≈≈≈≈≈§##
#########


You could see an efreet (ally target), a molten gargoyle and a friendly
lightning spire (summoned).

Vanquished Creatures
  A two-headed ogre (Bailey)
  A wizard (D:9)
  2 black mambas
  A cane toad (Lair:1)
  2 kobold demonologists (D:10)
  A rime drake (Lair:1)
  A komodo dragon (Lair:3)
  2 trolls
  A blink frog (Lair:3)
  Sigmund (D:2)
  A wyvern (Lair:1)
  15 yaks
  2 spriggans (Bailey)
  A fire bat (Lair:4)
  A basilisk (Lair:1)
  2 vampire mosquitoes (Lair:2)
  An acid dragon (D:10)
  An orc warrior (D:8)
  Pargi (Sewer)
  5 water moccasins
  An ice beast (D:7)
  2 black bears
  An ogre (D:6)
  2 wolves (Lair:1)
  A centaur (D:6)
  A phantom (D:7)
  A kobold brigand (D:7)
  4 bullfrogs
  A scorpion (D:6)
  2 wights (D:8)
  5 killer bees (D:7)
  2 howler monkeys (D:5)
  A jelly (D:6)
  A hound (D:6)
  An orc priest (D:6)
  2 iguanas
  2 orc wizards
  4 gnolls
  10 adders
  2 river rats (D:4)
  A shadow imp (D:7)
  2 white imps
  2 ufetubi
  A dart slug (D:3)
  17 orcs
  5 endoplasms
  3 giant cockroaches (D:2)
  3 goblins
  12 hobgoblins
  6 jackals
  8 ball pythons
  9 bats
  5 frilled lizards
  13 kobolds
  8 rats
184 creatures vanquished.

Vanquished Creatures (collateral kills)
  Gastronok (Lair:3)
  A hydra (Lair:3)
  A catoblepas (Lair:2)
  Sonja (Lair:2)
  A lindwurm (Lair:2)
  2 black mambas
  A torpor snail (Lair:3)
  2 cane toads
  3 komodo dragons
  Maggie (D:9)
  A kobold demonologist (D:10)
  An efreet (Volcano)
  A troll (D:10)
  3 blink frogs (Lair:3)
  9 dream sheep
  A spriggan (Bailey)
  19 yaks
  2 fire bats (Lair:4)
  A steam dragon (Bailey)
  2 vampire mosquitoes (Lair:2)
  2 basilisks
  An acid dragon (D:9)
  10 water moccasins
  A swamp drake (D:9)
  4 orc warriors (D:9)
  An ice beast (D:5)
  9 ogres (Bailey)
  2 centaurs
  2 wolves (Lair:1)
  5 bullfrogs
  A gnoll sergeant (D:10)
  2 scorpions
  5 electric eels (D:8)
  A howler monkey (D:6)
  A crimson imp (D:9)
  An orc priest (D:9)
  3 hounds (D:8)
  10 orc wizards
  5 gnolls (D:10)
  2 adders
  23 orcs
  An endoplasm (D:1)
  3 hobgoblins
  7 kobolds
  2 bats (Sewer)
  A frilled lizard (D:1)
  7 goblins
  2 rats
168 creatures vanquished.

Vanquished Creatures (others)
  A two-headed ogre (D:8)
  A spriggan (Bailey)
  3 yaks (D:10)
  3 vampire mosquitoes (Lair:2)
  A black bear (D:6)
  An orc warrior (D:7)
  An ice beast (D:7)
  A wolf (D:8)
  A centaur (D:9)
  2 wights (D:8)
  4 killer bees
  2 orc priests
  A hound (D:8)
  A sleepcap (D:6)
  5 orc wizards
  13 orcs
41 creatures vanquished.

Grand Total: 393 creatures vanquished

Notes
Turn   | Place    | Note
-------+----------+-------------------------------------------
     0 | D:1      | hilljack the Human Summoner began the quest for the Orb.
     0 | D:1      | Reached XP level 1. HP: 13/13 MP: 3/3
    91 | D:1      | Reached XP level 2. HP: 11/19 MP: 0/5
   160 | D:1      | Learned a level 2 spell: Call Imp
   479 | D:1      | Reached XP level 3. HP: 24/24 MP: 3/6
   731 | D:1      | Found a faded altar of an unknown god.
   920 | D:2      | Found a shadowy altar of Dithmenos.
  1143 | D:2      | Reached XP level 4. HP: 31/31 MP: 4/7
  1195 | D:2      | Noticed Sigmund
  1345 | D:2      | Killed Sigmund
  1346 | D:2      | Reached skill level 1 in Fighting
  1346 | D:2      | Reached skill level 1 in Armour
  1346 | D:2      | Reached skill level 5 in Summonings
  1346 | D:2      | Reached XP level 5. HP: 13/38 MP: 5/9
  1346 | D:2      | Reached XP level 6. HP: 15/44 MP: 5/10
  2088 | D:3      | Identified the +5 short sword of Dividends {speed, rElec
                  | rC- Will+ Dex+4}
  2504 | D:3      | Reached skill level 1 in Short Blades
  2785 | D:3      | Found Yshik's Armour Shop.
  2986 | D:4      | Found a glowing drain.
  3034 | Sewer    | Entered a sewer
  3052 | Sewer    | Learned a level 3 spell: Call Canine Familiar
  3078 | Sewer    | Noticed Pargi
  3131 | Sewer    | Killed Pargi
  3132 | Sewer    | Reached XP level 7. HP: 35/50 MP: 4/12
  3299 | D:4      | Found a radiant altar of Vehumet.
  3352 | D:4      | Became a worshipper of Vehumet
  4173 | D:5      | Entered Level 5 of the Dungeon
  4632 | D:5      | Reached XP level 8. HP: 30/57 MP: 10/13
  4762 | D:5      | Found a staircase to the Ecumenical Temple.
  4768 | Temple   | Entered the Ecumenical Temple
  5093 | D:5      | Learned a level 3 spell: Summon Guardian Golem
  6389 | D:6      | Reached * piety under Vehumet
  6389 | D:6      | Offered knowledge of Shock by Vehumet.
  6450 | D:6      | Found an iron altar of Okawaru.
  6515 | D:6      | Reached skill level 6 in Summonings
  6720 | D:6      | Reached XP level 9. HP: 31/65 MP: 4/15
  7154 | D:6      | Reached skill level 5 in Dodging
  7154 | D:6      | Reached skill level 5 in Spellcasting
  7967 | D:7      | Found a sparkling altar of Nemelex Xobeh.
  7987 | D:7      | Identified the +10 hand axe of Resourcefulness {holy, rPois
                  | rCorr}
  8061 | D:7      | Reached skill level 5 in Fighting
  8061 | D:7      | Reached skill level 5 in Armour
  8075 | D:7      | Reached skill level 7 in Summonings
  8122 | D:7      | Reached ** piety under Vehumet
  8122 | D:7      | Offered knowledge of Freeze by Vehumet.
  8138 | D:7      | Learned a level 4 spell: Summon Lightning Spire
  8210 | D:7      | Reached skill level 1 in Axes
  8210 | D:7      | Reached skill level 1 in Air Magic
  8268 | D:7      | Found a shadowy altar of Dithmenos.
  8598 | D:7      | Found a runed translucent door.
  8605 | D:7      | Found a blossoming altar of Fedhas.
  8667 | D:7      | Found a shimmering blue altar of Sif Muna.
  8667 | D:7      | Found a hazy altar of Hepliaklqana.
  8807 | D:7      | Reached XP level 10. HP: 32/74 MP: 10/17
  8830 | D:7      | Offered knowledge of Poisonous Vapours by Vehumet.
  9133 | D:8      | Identified a scroll of acquirement
  9133 | D:8      | Acquired the +0 helmet "Enutewk" {Regen+ Int+4}
  9295 | D:8      | Noticed a two-headed ogre
  9311 | D:8      | Reached skill level 8 in Summonings
  9391 | D:8      | Reached *** piety under Vehumet
  9440 | D:8      | Killed a two-headed ogre
  9519 | D:8      | Reached skill level 9 in Summonings
  9519 | D:8      | Reached skill level 5 in Air Magic
  9949 | D:8      | Found a staircase to the Lair.
 10127 | D:8      | Found a bloodstained altar of Trog.
 10837 | D:9      | Found a flagged portal.
 10910 | Bailey   | Entered a bailey
 10927 | Bailey   | Reached skill level 1 in Hexes
 10931 | Bailey   | Offered knowledge of Airstrike by Vehumet.
 11213 | Bailey   | Learned a level 4 spell: Airstrike
 11491 | Bailey   | Reached skill level 10 in Summonings
 11491 | Bailey   | Reached XP level 11. HP: 44/79 MP: 6/18
 11668 | Bailey   | Noticed a two-headed ogre
 11680 | Bailey   | Killed a two-headed ogre
 12085 | Bailey   | Reached skill level 5 in Stealth
 12206 | D:9      | Noticed Maggie
 12217 | D:9      | Killed Maggie
 12538 | D:9      | Found a hide-covered altar of Uskayaw.
 12586 | D:9      | Found a shimmering altar of Xom.
 13017 | D:9      | Found a staircase to the Orcish Mines.
 13335 | D:9      | Reached **** piety under Vehumet
 13557 | D:9      | Noticed a wizard
 13576 | D:9      | Killed a wizard
 13577 | D:9      | Reached skill level 5 in Hexes
 13577 | D:9      | Reached skill level 11 in Summonings
 13852 | D:10     | Entered Level 10 of the Dungeon
 14047 | D:10     | Offered knowledge of Flame Wave by Vehumet.
 14234 | D:10     | Noticed a soul eater
 14477 | D:10     | Found a sacrificial altar of Ru.
 14822 | D:10     | Reached XP level 12. HP: 50/86 MP: 16/21
 14968 | D:10     | Noticed an ogre mage
 14969 | D:10     | Noticed a five-headed hydra
 15349 | Lair:1   | Entered Level 1 of the Lair of Beasts
 15433 | Lair:1   | Reached skill level 12 in Summonings
 16268 | Lair:1   | Reached skill level 13 in Summonings
 17486 | Lair:2   | Reached ***** piety under Vehumet
 17527 | Lair:2   | Reached XP level 13. HP: 32/91 MP: 21/25
 17613 | Lair:2   | Offered knowledge of Iskenderun's Battlesphere by Vehumet.
 17849 | Lair:2   | Found a staircase to the Swamp.
 17988 | Lair:2   | Noticed Sonja
 17997 | Lair:2   | Killed Sonja
 17998 | Lair:2   | Reached skill level 14 in Summonings
 18084 | Lair:2   | Found a staircase to the Snake Pit.
 18246 | Lair:2   | Noticed a catoblepas
 18253 | Lair:2   | Killed a catoblepas
 18969 | Lair:3   | Noticed a four-headed hydra
 19289 | Lair:3   | Learned a level 7 spell: Summon Hydra
 19397 | Lair:3   | Killed a four-headed hydra
 19398 | Lair:3   | Reached skill level 15 in Summonings
 19710 | Lair:3   | Noticed Gastronok
 19734 | Lair:3   | Killed Gastronok
 20348 | Lair:4   | Found a dark tunnel.
 20357 | Volcano  | Entered a volcano
 20373 | Volcano  | Mangled by a molten gargoyle

Illustrated notes

Levels and vault maps discovered:
D:1:      minmay_arrival_four_circles, layout_rooms,
          hellmonk_ecumenical_altar_inner_sanctum, minivault_24,
          minmay_misc_feat_alley, minmay_tall_x
D:2:      layout_basic, basic_altar, minmay_crystal_water, serial_bayou_pond_e,
          minmay_split_cup_small, uniq_sigmund
D:3:      minmay_octagon_keep, layout_loops_cross, serial_shops,
          nicolae_lakefront_shop
D:4:      layout_basic, old_standard_altar, portal_sewer_entry_b,
          kennysheep_potato
D:5:      layout_layer_cave, minmay_temple_entry_ruins, feat_on_display
D:6:      layout_rooms, mainiacjoe_overflow_boulevard, minivault_22,
          grunt_decor_resistance, minmay_fractal_squares_gapless_5
D:7:      layout_cave_pools, mainiacjoe_overflow_cross_hatched,
          kennysheep_mini_moat, nicolae_overflow_two_pavilions,
          nemelex_xobeh_ov_fountains_minmay, minmay_misc_feat_tiny,
          lightli_church_of_beogh
D:8:      layout_basic, lemuel_round_altar, erik_lair_island
D:9:      layout_irregular_city, mainiacjoe_overflow_tiny_flanked,
          mainiacjoe_overflow_24_doors, erik_orc_1, enter_bailey_3,
          minmay_misc_feat_columns, lightli_wizard_tower, uniq_maggie
D:10:     layout_basic, lemuel_tele_altar, minivault_16, lightli_corner_chamber
Temple:   minmay_temple_curvy_loop
Lair:1:   layout_chaotic_city, hibernation_bobbens, grunt_megastairs_1
Lair:2:   layout_cave_shapes, minmay_swamp_entry_swarm,
          minmay_snake_entry_six_corridors, nicolae_quartered_pool_little,
          infiniplex_staircase_pool, uniq_sonja
Lair:3:   layout_cave_pods, chequers_serial_rivers_small_3,
          grunt_forest_large_clearings, grunt_megastairs_4, uniq_gastronok
Lair:4:   layout_roguey, nicolae_volcano_entry_batcave, gammafunk_ghost_split,
          wad_woods_03, serial_bayou_shore_a, lemuel_fruit_fields,
          serial_bayou_shore_b
Volcano:  volcano_aerie

Skill      XL: |  1  2  3  4  5  6  7  8  9 10 11 12 13 |
---------------+----------------------------------------+-----
Fighting       | 1 2 3 5 |  5.0
Armour         | 1 2 3 5 |  5.0
Dodging        | 3 4 5 |  5.0
Spellcasting   | 3 4 5 6 8 9 |  9.0
Summonings     | 5 6 7 10 11 13 15 | 15.8
Short Blades   | 3 4 |  4.0
Axes           | 2 3 4 |  4.0
Air Magic      | 2 5 |  5.0
Hexes          | 2 5 |  5.0
Stealth        | 3 5 |  5.0

Action                     |  1- 3 |  4- 6 |  7- 9 | 10-12 | 13-15 || total
---------------------------+-------+-------+-------+-------+-------++-------
  Melee: Unarmed           |     6 |       |       |       |       ||     6
         Dagger            |     3 |       |       |       |       ||     3
         Short sword       |    66 |   108 |   181 |       |       ||   355
         Punch             |       |     2 |     2 |     2 |     2 ||     8
         Hand axe          |       |       |    41 |   144 |    47 ||   232
         Quick blade       |       |       |       |    63 |       ||    63
   Cast: Summon Small Mamm |    20 |    12 |       |       |       ||    32
         Call Imp          |       |    14 |    24 |    39 |    15 ||    92
         Call Canine Famil |       |     2 |    26 |    35 |    11 ||    74
         Summon Guardian G |       |       |    15 |    30 |     4 ||    49
         Summon Lightning  |       |       |       |    55 |    23 ||    78
    Use: Potion            |       |     1 |     1 |     3 |     3 ||     8
         Scroll            |       |     7 |     5 |    18 |     4 ||    34
   Stab: Sleeping          |     1 |     7 |     1 |     1 |     1 ||    11
         Distracted        |       |       |     2 |     5 |     2 ||     9
 Armour: Robe              |     3 |       |       |       |       ||     3
         Leather armour    |    14 |    25 |    34 |    11 |       ||    84
         Troll leather arm |       |       |       |    71 |    12 ||    83
  Dodge: Dodged            |    48 |    66 |   219 |   310 |    79 ||   722
